 Seeded DCSS version 0.29.1-14-g9c671dbff4 (webtiles) character file.

Game seed: 1 (custom seed)

1675 Kazon the Trooper (level 9, -3/93 HPs)
             Began as an Ogre Gladiator on Feb 16, 2023.
             Slain by a two-headed ogre
             ... wielding a +0 giant club
              (21 damage)
             ... on level 9 of the Dungeon.
             The game lasted 00:23:22 (4107 turns).

Kazon the Trooper (Ogre Gladiator)                  Turns: 4107, Time: 00:23:23

Health: -3/93      AC:  3    Str: 20    XL:     9   Next: 1%
Magic:  9/9        EV: 10    Int:  9    God:
Gold:   196        SH: 15    Dex: 12    Spells: 8/8 levels left

rFire   . . .      SeeInvis .   e - +2 dagger (venom)
rCold   + . .      Faith    .   c - +7 kite shield "Bunewono" {Will+ rCorr Int-2}
rNeg    + . .      Spirit   .   l - +0 robe
rPois   .          Reflect  .   f - +0 hat
rElec   .          Harm     .   (no cloak)
rCorr   +          Rampage  .   (gloves unavailable)
Will    +....                   (boots unavailable)
Stlth   ++........              g - amulet of the acrobat
HPRegen 0.25/turn               r - ring of positive energy
MPRegen 0.11/turn               D - ring of protection from cold

@: no status effects
A: large, unfitting armour, tough skin 1
a: no special abilities


You were on level 9 of the Dungeon.
You visited 1 branch of the dungeon, and saw 7 of its levels.

You collected 380 gold pieces.
You spent 184 gold pieces at shops.

Inventory:

Hand Weapons
 e - a +2 dagger of venom (weapon)
 s - the +3 falchion of Winter {venom, rCorr}
   (You bought it in a shop on level 3 of the Dungeon)

   It poisons the flesh of those it strikes.
   rCorr:     It protects you from acid and corrosion.
 w - a +1 sling of flaming
Missiles
 d - 4 throwing nets
 k - 8 stones (quivered)
 n - 5 boomerangs
 o - a large rock
Armour
 c - the +7 kite shield "Bunewono" (worn) {Will+ rCorr Int-2}
   (You acquired it on level 1 of the Dungeon)

   Int:       It affects your intelligence (-2).
   rCorr:     It protects you from acid and corrosion.
   Will:      It increases your willpower.
 f - a +0 hat (worn)
 l - a +0 robe (worn)
Jewellery
 g - an amulet of the acrobat (around neck)
 r - a ring of positive energy (left hand)
 D - a ring of protection from cold (right hand)
Wands
 A - a wand of mindburst (14)
 C - a wand of flame (13)
Scrolls
 i - 8 scrolls of identify
 m - a scroll of immolation {unknown}
 p - a scroll of poison {unknown}
 t - a scroll of teleportation {unknown}
 u - a scroll of magic mapping {unknown}
 x - 2 scrolls of noise {unknown}
 y - 2 scrolls of fog {unknown}
 B - a scroll of enchant weapon {unknown}
Potions
 a - 2 potions of ambrosia {unknown}
 b - 2 potions of berserk rage {unknown}
 h - 2 potions of haste {unknown}
 j - a potion of attraction {unknown}
 q - a potion of flight {unknown}
 v - 3 potions of lignification {unknown}
 z - a potion of magic {unknown}


   Skills:
 + Level 7.3 Fighting
 + Level 4.1(5.5) Short Blades
 + Level 5.6(6.2) Long Blades
 + Level 3.5 Ranged Weapons
 + Level 4.5 Throwing
 + Level 3.0 Armour
 + Level 5.2 Dodging
 + Level 3.6 Stealth
 + Level 5.1 Shields
 * Level 0.9 Evocations


You had 8 spell levels left.
You didn't know any spells.
Your spell library contained the following spells:

 Spells                   Type           Power      Damage    Failure   Level
 Apportation              Tloc           0%         N/A       65%         1
 Necrotise                Necr           0%         1d4       65%         1
 Sting                    Tmut/Pois      0%         1d3       65%         1
 Summon Small Mammal      Summ           0%         N/A       65%         1
 Poisonous Vapours        Pois/Air       0%         N/A       80%         2
 Olgreb's Toxic Radiance  Pois           0%         N/A       100%        4
 Fireball                 Conj/Fire      0%         3d3       100%        5
 Iskenderun's Battlesphe  Conj           0%         2d6       100%        5
 Conjure Ball Lightning   Conj/Air       0%         3x3d6     100%        6
 Orb of Destruction       Conj           0%         9d5       100%        7


Dungeon Overview and Level Annotations

Branches:
Dungeon (9/15)
 Temple: D:4-7         Lair: D:8-11         Orc: D:9-12

Altars:
Hepliaklqana

Shops:
D:3 (


Innate Abilities, Weirdness & Mutations

You are too large for most types of armour.
You have tough skin. (AC +1)


Message History

The orc warrior is severely wounded.
You block the orc warrior's attack.
You hit the orc warrior but do no damage.
The orc warrior looks as sick as possible!
The orc warrior is almost dead.
You kill the orc warrior!
Your Shields skill increases to level 5!
You have reached level 9!
Your experience leads to an increase in your attributes!
Your base attributes are Str 19, Int 11, Dex 10.
Increase (S)trength, (I)ntelligence, or (D)exterity?
You feel agile. x2; You feel stronger.
Items here: ))) [[[ †.
A sourceless malevolence fills the Dungeon...
You fall into a shaft and drop 3 floors!
The shaft crumbles and collapses.
Found a scroll labelled DYOVOE RUSYGI.
Found a stone staircase leading down.
The +3 falchion of Winter {venom, rCorr} stops dripping with poison.
Your +2 dagger of venom begins to drip with poison!
e - a +2 dagger of venom (weapon)
y - 2 scrolls labelled DYOVOE RUSYGI (gained 1)
A wight comes into view. It is wielding a +0 battleaxe.
Welcome back, Kazon the Ogre Gladiator.
Game seed: 1 (custom seed) Press ? for a list of commands and other information.
An orc comes into view. It is wielding a +0 mace.
Found a stone staircase leading down.
Found a robe.
A two-headed ogre comes into view. It is wielding two +0 giant clubs.
The two-headed ogre moves out of view.
Aiming: Mindburst
Press: ? - help, Shift-Dir - straight line, f - two-headed ogre
Aim: a two-headed ogre, wielding two +0 giant clubs (chance to affect: 51%)
The two-headed ogre's minds are blasted!
Aiming: Mindburst
Press: ? - help, Shift-Dir - straight line, f/p - two-headed ogre
Aim: a two-headed ogre, wielding two +0 giant clubs (moderately wounded, chance to affect: 51%)
The two-headed ogre's minds are blasted!
The two-headed ogre hits you with a +0 giant club!!
You die...

## ##.# ##...
#.... ##...
###....####
#.......#.### ..
..##....O...###
...
#.....@#...#.>.#
##.............#
............#.#.#
##..........# # .
#..........#
[...........##
.............# .
...........## ..
..........#####...


You could see a two-headed ogre.

Vanquished Creatures
  Eustachio (D:5)
  Menkaure (D:5)
  A water moccasin (D:5)
  An orc warrior (D:6)
  A sky beast (D:5)
  2 centaurs (D:5)
  A necrophage (D:5)
  5 scorpions
  A howler monkey (D:5)
  A hound (D:4)
  2 orc priests
  3 iguanas
  Robin (D:3)
  6 gnolls
  9 adders
  An ufetubus (D:5)
  3 worms
  10 orcs
  11 endoplasms
  A giant cockroach (D:1)
  16 goblins
  9 hobgoblins
  A jackal (D:4)
  4 kobolds
  A quokka (D:1)
  5 ball pythons
  4 bats
  3 frilled lizards
  6 rats
111 creatures vanquished.

Notes
Turn   | Place    | Note
-------+----------+-------------------------------------------
     0 | D:1      | Kazon the Ogre Gladiator began the quest for the Orb.
     0 | D:1      | Reached XP level 1. HP: 22/22 MP: 1/1
    32 | D:1      | Identified a scroll of acquirement
    32 | D:1      | Acquired the +7 kite shield "Bunewono" {Will+ rCorr Int-2}
   277 | D:1      | Reached XP level 2. HP: 29/29 MP: 2/2
   831 | D:2      | Reached skill level 3 in Fighting
   831 | D:2      | Reached XP level 3. HP: 21/37 MP: 3/3
  1135 | D:2      | Reached skill level 1 in Shields
  1311 | D:2      | Reached XP level 4. HP: 32/45 MP: 4/4
  1618 | D:3      | Found Umat's Antique Weapon Boutique.
  1647 | D:3      | Bought a crude falchion for 184 gold pieces
  1647 | D:3      | Identified the +3 falchion of Winter {venom, rCorr} (You
                  | bought it in a shop on level 3 of the Dungeon)
  1782 | D:3      | Noticed Robin
  1802 | D:3      | Killed Robin
  1803 | D:3      | Reached XP level 5. HP: 42/53 MP: 5/5
  1804 | D:3      | Reached skill level 1 in Short Blades
  2125 | D:3      | Reached skill level 6 in Fighting
  2125 | D:3      | Reached skill level 5 in Long Blades
  2125 | D:3      | Reached XP level 6. HP: 62/68 MP: 6/6
  2510 | D:4      | Reached XP level 7. HP: 76/76 MP: 7/7
  2933 | D:4      | Found a hazy altar of Hepliaklqana.
  3206 | D:5      | Entered Level 5 of the Dungeon
  3257 | D:5      | Reached skill level 5 in Dodging
  3335 | D:5      | Reached XP level 8. HP: 60/84 MP: 8/8
  3407 | D:5      | Noticed Menkaure
  3415 | D:5      | Killed Menkaure
  3864 | D:5      | Noticed Eustachio
  3874 | D:5      | Killed Eustachio
  3875 | D:5      | Reached skill level 7 in Fighting
  4066 | D:6      | Reached skill level 5 in Shields
  4066 | D:6      | Reached XP level 9. HP: 7/93 MP: 9/9
  4067 | D:6      | You fall into a shaft and drop 3 floors!
  4103 | D:9      | Noticed a two-headed ogre
  4107 | D:9      | Slain by a two-headed ogre

Illustrated notes

Levels and vault maps discovered:
D:1:      dpeg_arrival_three_smaller_balls, layout_basic
D:2:      layout_loops_ring
D:3:      layout_basic, serial_shops, nicolae_shop_stone, st_stairs_9,
          minmay_misc_feat_doors, eino_curves_03, uniq_robin
D:4:      minmay_wonky_spiral, layout_basic,
          mainiacjoe_overflow_surrounded_room, minivault_5
D:5:      layout_cave_pods, uniq_menkaure, uniq_eustachio
D:6:      cheibrodos_barr_body, layout_basic, minmay_crystal_room,
          minmay_pentangle, uniq_maggie, uniq_edmund
D:9:      layout_cave_pools, uniq_prince_ribbit1

Skill      XL: |  1  2  3  4  5  6  7  8 |
---------------+-------------------------+-----
Long Blades    | 3 5 |  5.6
Dodging        | 3 4 5 |  5.2
Fighting       | 3 6 7 |  7.3
Shields        | 1 4 5 |  5.1
Short Blades   | 3 4 |  4.1
Ranged Weapons | 2 3 |  3.5
Throwing       | 4 |  4.5
Armour         | 3 |  3.0
Stealth        | 3 |  3.6
Evocations     | |  0.9

Action                   |  1- 3 |  4- 6 |  7- 9 || total
-------------------------+-------+-------+-------++-------
Melee: Long sword        |    84 |       |       ||    84
       Dagger            |     7 |    66 |    85 ||   158
       Falchion          |       |    32 |    48 ||    80
 Fire: Sling             |       |    23 |    30 ||    53
Throw: Stone             |    10 |    15 |    25 ||    50
       Boomerang         |       |     1 |       ||     1
Evoke: Wand              |       |       |     6 ||     6
  Use: Scroll            |     1 |       |     1 ||     2
       Potion            |       |     1 |       ||     1
 Stab: Sleeping          |       |     1 |     3 ||     4
Armor: Robe              |    22 |    12 |    13 ||    47
Dodge: Dodged            |    31 |    26 |    30 ||    87
Block: Kite shield       |    43 |    71 |    77 ||   191
